 Dungeon Crawl Stone Soup version 0.30.1-3-gfc49f6343a (webtiles) character file.

Game seed: 8446779337554188702

405 Heoruswealwe the Magician (level 6, -3/32 HPs)
             Began as a Deep Elf Conjurer on July 24, 2023.
             Slain by a gnoll sergeant
             ... wielding a +0 spear
              (8 damage)
             ... on level 5 of the Dungeon.
             The game lasted 00:44:44 (4061 turns).

Heoruswealwe the Magician (Deep Elf Conjurer)       Turns: 4061, Time: 00:44:45

Health: -3/32      AC:  2    Str:  4    XL:     6   Next: 56%
Magic:  9/18       EV: 17    Int: 25    God:
Gold:   0          SH:  0    Dex: 13    Spells: 5/19 levels left

rFire   + . .        (no weapon)
rCold   . . .        (no shield)
rNeg    . . .        c - +0 robe
rPois   .            (no helmet)
rElec   .            (no cloak)
rCorr   .            (no gloves)
SInv    .            (no boots)
Will    .....        i - amulet of magic regeneration
Stlth   ++           k - ring of protection from fire
HPRegen 0.25/turn    j - +5 ring of evasion
MPRegen 0.56/turn

%: no passive effects
@: no status effects
A: no striking features
a: no special abilities


You were on level 5 of the Dungeon.
You visited 1 branch of the dungeon, and saw 5 of its levels.

You collected 233 gold pieces.
You spent 233 gold pieces at shops.

Inventory:

Armour
 c - a +0 robe (worn)
 p - a +0 robe
 v - a +0 robe
 z - a +0 robe
Jewellery
 i - an amulet of magic regeneration (around neck)
 j - a +5 ring of evasion (right hand)
 k - a ring of protection from fire (left hand)
Wands
 w - a wand of mindburst (10)
Scrolls
 b - 2 scrolls of teleportation
 d - a scroll of fog
 f - a scroll of amnesia
 o - a scroll of immolation
 r - 3 scrolls of noise {unknown}
 s - 2 scrolls of poison {unknown}
 t - 3 scrolls of magic mapping {unknown}
 u - a scroll of enchant weapon {unknown}
 x - a scroll of summoning {unknown}
 y - a scroll of torment {unknown}
Potions
 a - a potion of lignification {unknown}
 e - 3 potions of brilliance
 g - 2 potions of heal wounds {unknown}
 h - a potion of mutation {unknown}
 l - 2 potions of curing
 m - 2 potions of might {unknown}
 n - 2 potions of ambrosia {unknown}


   Skills:
 - Level 2.4 Dodging
 - Level 2.4 Stealth
 + Level 7.0 Spellcasting
 + Level 6.9 Conjurations


You had 5 spell levels left.
You knew the following spells:

 Your Spells              Type           Power      Damage    Failure   Level
a - Magic Dart            Conj           100%       1d8       1%          1
b - Searing Ray           Conj           86%        2d7       1%          2
c - Dazzling Flash        Conj/Hex       52%        N/A       4%          3
d - Fulminant Prism       Conj/Hex       13%        3d8       16%         4
e - Iskenderun's Mystic   Conj/Tloc      26%        2d7       16%         4

Your spell library contained the following spells:

 Spells                   Type           Power      Damage    Failure   Level


Dungeon Overview and Level Annotations

Branches:
Dungeon (5/15)
 Temple: D:4-7

Altars:
Ashenzari
Cheibriados

Shops:
D:4 *   D:5 *


Message History

Casting: Magic Dart (safe; 1% risk of failure)
Confirm with . or Enter, or press ? or * to list all spells.
Aiming: Magic Dart (safe; 1% risk of failure)
Press: ? - help, Shift-Dir - straight line, f/p - gnoll sergeant
Aim: a gnoll sergeant, wielding a +0 spear, wearing a +0 scale mail and wearing a +0 buckler (severely wounded, 100% to hit)
The magic dart hits the gnoll sergeant but does no damage.
The gnoll sergeant is severely wounded.
Casting: Magic Dart (safe; 1% risk of failure)
Confirm with . or Enter, or press ? or * to list all spells.
Aiming: Magic Dart (safe; 1% risk of failure)
Press: ? - help, Shift-Dir - straight line, f/p - gnoll sergeant
Aim: a gnoll sergeant, wielding a +0 spear, wearing a +0 scale mail and wearing a +0 buckler (severely wounded, 100% to hit)
The magic dart hits the gnoll sergeant.
The gnoll sergeant is almost dead.
Casting: Magic Dart (safe; 1% risk of failure)
Confirm with . or Enter, or press ? or * to list all spells.
Aiming: Magic Dart (safe; 1% risk of failure)
Press: ? - help, Shift-Dir - straight line, f/p - gnoll sergeant
Aim: a gnoll sergeant, wielding a +0 spear, wearing a +0 scale mail and wearing a +0 buckler (almost dead, 100% to hit)
The magic dart hits the gnoll sergeant but does no damage.
The gnoll sergeant is almost dead.
The gnoll sergeant closely misses you.
Casting: Magic Dart (safe; 1% risk of failure)
Confirm with . or Enter, or press ? or * to list all spells.
Aiming: Magic Dart (safe; 1% risk of failure)
Press: ? - help, Shift-Dir - straight line, f/p - gnoll sergeant
Aim: a gnoll sergeant, wielding a +0 spear, wearing a +0 scale mail and wearing a +0 buckler (almost dead, 100% to hit)
The magic dart hits the gnoll sergeant.
The gnoll sergeant is almost dead.
The gnoll sergeant hits you from afar with a +0 spear!
* * * LOW HITPOINT WARNING * * *
Casting: Magic Dart (safe; 1% risk of failure)
Confirm with . or Enter, or press ? or * to list all spells.
Aiming: Magic Dart (safe; 1% risk of failure)
Press: ? - help, Shift-Dir - straight line, f/p - gnoll sergeant
Aim: a gnoll sergeant, wielding a +0 spear, wearing a +0 scale mail and wearing a +0 buckler (almost dead, 100% to hit)
The magic dart hits the gnoll sergeant but does no damage.
The gnoll sergeant is almost dead.
The gnoll sergeant hits you from afar with a +0 spear!
You die...

#........##)..#
#........#....#
#........#.)..#
#........#....#
#........#....#
#........#'#### #
#.g....# ##
#......# #.
#.@....# #.
#......# #.
#......# #########
#####'#####......##
#......'......#∩
#......#......##
#......#........
########........
..........######


You could see a gnoll sergeant.

Vanquished Creatures
  A phantom (D:4)
  A scorpion (D:4)
  A hound (D:5)
  An orc wizard (D:5)
  6 gnolls
  4 adders
  2 worms
  2 dart slugs
  8 orcs
  8 ball pythons
  11 endoplasms
  7 giant cockroaches
  9 goblins
  9 hobgoblins
  7 jackals
  6 quokkas
  7 bats
  5 kobolds
  6 rats
101 creatures vanquished.

Notes
Turn   | Place    | Note
-------+----------+-------------------------------------------
     0 | D:1      | Heoruswealwe the Deep Elf Conjurer began the quest for the
                  | Orb.
     0 | D:1      | Reached XP level 1. HP: 10/10 MP: 6/6
   118 | D:1      | Reached XP level 2. HP: 15/15 MP: 0/8
   121 | D:1      | Learned a level 2 spell: Searing Ray
   285 | D:1      | Reached skill level 4 in Spellcasting
   518 | D:1      | Reached skill level 5 in Conjurations
   518 | D:1      | Reached XP level 3. HP: 19/19 MP: 8/10
   522 | D:1      | Learned a level 3 spell: Dazzling Flash
  1165 | D:1      | Found a faded altar of an unknown god.
  1685 | D:2      | Reached XP level 4. HP: 21/24 MP: 8/12
  1690 | D:2      | Learned a level 4 spell: Fulminant Prism
  1923 | D:2      | Identified the +4 mace of True Grit {antimagic, Dex+3}
  2437 | D:3      | Reached skill level 5 in Spellcasting
  2920 | D:3      | Found a snail-covered altar of Cheibriados.
  3148 | D:4      | Found Lacuph's Assorted Antiques.
  3158 | D:4      | Bought a scroll labelled NOOPTITHEXO for 26 gold pieces
  3158 | D:4      | Bought a scroll of identify for 52 gold pieces
  3158 | D:4      | Bought a scroll labelled BUL ROKHEMEIRA for 26 gold pieces
  3158 | D:4      | Bought a scroll labelled UMIS AKHLODURCHI for 26 gold
                  | pieces
  3299 | D:4      | Reached XP level 5. HP: 28/28 MP: 12/14
  3304 | D:4      | Learned a level 4 spell: Iskenderun's Mystic Blast
  3408 | D:4      | Noticed a phantom
  3415 | D:4      | Killed a phantom
  3416 | D:4      | Reached skill level 6 in Spellcasting
  3420 | D:4      | Reached XP level 6. HP: 17/32 MP: 9/17
  3626 | D:3      | You fall into a shaft and drop 2 floors!
  3626 | D:5      | Entered Level 5 of the Dungeon
  3626 | D:5      | Found a broken altar of Ashenzari.
  3636 | D:5      | Found Qifraphy's Assorted Antiques.
  3644 | D:5      | Bought an inky potion for 13 gold pieces
  3644 | D:5      | Bought a scroll labelled LOAHOIP DYSTU for 15 gold pieces
  3644 | D:5      | Bought a scroll labelled NOOPTITHEXO for 15 gold pieces
  3644 | D:5      | Bought a scroll labelled HILOQ MUCLE for 15 gold pieces
  3644 | D:5      | Bought a scroll labelled IRILOTAWNU for 15 gold pieces
  3963 | D:5      | Identified the +0 leather armour "Xaimn" {rElec Dex+3}
  3980 | D:5      | Bought a scroll of identify for 30 gold pieces
  4056 | D:5      | Reached skill level 7 in Spellcasting
  4061 | D:5      | Slain by a gnoll sergeant

Illustrated notes

Levels and vault maps discovered:
D:1:      psy_arrival_basics, layout_basic,
          shapermc_ecumenical_altar_totnotflames
D:2:      layout_basic, chequers_serial_rivers_micro_a
D:3:      layout_rooms, kennysheep_slug_shrine
D:4:      layout_loops_cross, serial_shops, shop
D:5:      layout_gridville, mainiacjoe_overflow_catwalk_spiral, serial_shops,
          nicolae_shop_window_shopping, uniq_prince_ribbit1

Skill      XL: |  1  2  3  4  5  6 |
---------------+-------------------+-----
Spellcasting   | 4 5 6 7 |  7.0
Conjurations   | 5 6 |  6.9
Dodging        | |  2.4
Stealth        | |  2.4

Action                     |  1- 3 |  4- 6 || total
---------------------------+-------+-------++-------
  Melee: Unarmed           |     1 |       ||     1
   Cast: Magic Dart        |    73 |   129 ||   202
         Searing Ray       |     1 |     8 ||     9
    Use: Potion            |     1 |     1 ||     2
         Scroll            |     3 |     5 ||     8
 Armour: Robe              |     4 |     1 ||     5
  Dodge: Dodged            |    30 |    17 ||    47
  Block: Other             |     1 |     1 ||     2
